 Dungeon Sprint DCSS version 0.22.1-1-ga44c0e5 (webtiles) character file.

289 Lauz the Cleaver (level 6, -8/93 HPs)
             Began as a Minotaur Berserker on Nov 8, 2018.
             Was a Believer of Trog.
             Mangled by Sonja
             ... wielding a +0 dagger of distortion
              (22 damage)
             ... in the Dungeon (Sprint I: "Red Sonja").
             The game lasted 00:01:52 (254 turns).

Lauz the Cleaver (Minotaur Berserker)                Turns: 254, Time: 00:01:54

Health: -8/93      AC:  5    Str: 29    XL:     6   Next: 9%
Magic:  5/5        EV: 12    Int:  4    God:    Trog [**....]
Gold:   170        SH:  0    Dex:  9    Spells: 5/5 levels left

rFire    . . .     SeeInvis .   a - +0 hand axe
rCold    . . .     Gourm    .   (no shield)
rNeg     . . .     Faith    .   l - +0 ring mail
rPois    .         Spirit   .   (helmet restricted)
rElec    .         Reflect  .   (no cloak)
rCorr    .         Harm     .   (no gloves)
MR       ++...     NoTele   +   (no boots)
Stlth    ..........             (no amulet)
HPRegen  1.25/turn              (no ring)
MPRegen  0.09/turn              (no ring)

@: berserking, lethally poisoned (-8 -> -12), regenerating, slowed
A: retaliatory headbutt, horns 2
a: Berserk, Trog's Hand, Renounce Religion


You were in the Dungeon.
You worshipped Trog.
Trog was pleased with you.
You were near starving.

You visited 1 branch You collected 170 gold pieces.

Inventory:

Hand Weapons
 a - a +0 hand axe (weapon)
Armour
 l - a +0 ring mail (worn)
Scrolls
 i - a scroll of blinking
Potions
 d - a potion of curing
 e - a potion of heal wounds
 f - a potion of haste
 g - 2 potions of magic
 h - a potion of berserk rage
 k - a potion of agility {unknown}
Comestibles
 c - 2 rations
 j - 4 chunks of flesh


   Skills:
 + Level 8.8 Fighting
 * Level 12.8 Axes
 * Level 2.7 Armour
 * Level 2.5 Dodging
 - Level 0.5 Stealth


You had 5 spell levels left.
You didn't know any spells.
Your spell library was empty.

Dungeon Overview and Level Annotations

Branches:
Dungeon (1/1)

Altars:
Sif Muna
Vehumet
Wu Jian

Annotations:
D Sonja


Innate Abilities, Weirdness & Mutations

You reflexively headbutt those who attack you in melee.
You have a pair of horns on your head.


Message History

You are near starving!
You feel very sick.
You slash Sonja!
Sonja is moderately wounded.
You feel sick.
Sonja unwields an uncursed blowgun.
Sonja wields an uncursed dagger of distortion.
Its appearance distorts for a moment.
Sonja completely misses you. Sonja barely misses you.
Sonja hits you with an uncursed dagger of distortion.
* * * LOW HITPOINT WARNING * * *
Space bends around you.
* * * LOW HITPOINT WARNING * * *
You miss Sonja. Your headbutt misses Sonja.
Sonja is moderately wounded.
You feel sick.
Sonja hits you with an uncursed dagger of distortion.
* * * LOW HITPOINT WARNING * * *
You feel a strange sense of stasis. Sonja hits you but does no damage.
Space warps horribly around you!
You die...

################
#<.#..)..#.['..#
#..'÷.#..'..#..+
#..#####'#####'#
#..# #..# #.#
#..# #### ##.#
#..# #+#_.+ #⌠⌠#
+..@_# ####
#_K#+# ##'# #.#
$.$ $.$ ##.##
#+#


You could see Sonja.

Vanquished Creatures
  Sigmund (D)
  An ogre (D)
  A jelly (D)
  Ijyb (D)
4 creatures vanquished.

Notes
Turn   | Place    | Note
-------+----------+-------------------------------------------
     0 | D        | Lauz the Minotaur Berserker began the quest for the Orb.
     0 | D        | Reached XP level 1. HP: 19/19 MP: 0/0
     1 | D        | Noticed Ijyb
    10 | D        | Killed Ijyb
    10 | D        | Reached skill level 5 in Fighting
    10 | D        | Reached skill level 6 in Axes
    10 | D        | Reached XP level 2. HP: 29/29 MP: 1/1
    82 | D        | Noticed an ogre
    85 | D        | Killed an ogre
    85 | D        | Reached skill level 9 in Axes
    85 | D        | Reached XP level 3. HP: 38/38 MP: 2/2
    85 | D        | Reached XP level 4. HP: 45/45 MP: 3/3
   163 | D        | Noticed Sigmund
   169 | D        | Killed Sigmund
   169 | D        | Reached ** piety under Trog
   169 | D        | Reached skill level 12 in Axes
   169 | D        | Reached XP level 5. HP: 56/56 MP: 4/4
   232 | D        | Found a deep blue altar of Sif Muna.
   233 | D        | Found an ornate altar of the Wu Jian Council.
   234 | D        | Found a radiant altar of Vehumet.
   237 | D        | Reached XP level 6. HP: 56/62 MP: 5/5
   246 | D        | Noticed Sonja
   254 | D        | Mangled by Sonja

Skill      XL: |  1  2  3  4 |
---------------+-------------+-----
Fighting       | 5 6 8 |  8.8
Axes           | 6 9 12 | 12.8
Armour         | |  2.7
Dodging        | |  2.5
Stealth        | |  0.5

Action                   |  1- 3 |  4- 6 || total
-------------------------+-------+-------++-------
Melee: Hand axe          |     9 |     7 ||    16
       Headbutt          |     3 |     1 ||     4
Invok: Berserk           |     2 |     2 ||     4
       Trog's Hand       |       |     1 ||     1
Armor: Animal skin       |     1 |       ||     1
       Ring mail         |       |     1 ||     1
Dodge: Dodged            |     2 |     4 ||     6
